TOP OF THE 1ST |
Chicago Cubs batting - Pitching for St. Louis Cardinals : LHP Nick Martin
|
Pitching: LHP Nick Martin
|
|
Batting: RHB Yasuhide Kasahara
|
0-0: Called Strike 0-1: Ball 1-1: Ball 2-1: Ball 3-1: Foul Ball, location: 2F 3-2: Base on Balls
|
Batting: LHB Kevin Norton
|
0-0: Ball 1-0: DOUBLE (Flyball, 78XD, EV 106.9 MPH) Yasuhide Kasahara to third
|
Batting: RHB Efrain Vargas
|
0-0: Ground out 1-3 (Groundball, 13S, EV 69.4 MPH)
|
Batting: SHB Terry Tuckfard
|
0-0: Foul Ball, location: 2F 0-1: Swinging Strike 0-2: Ground out 5-3 (Groundball, 56S, EV 91.9 MPH) Yasuhide Kasahara scores
|
Batting: RHB Josh Kalman
|
0-0: Ball 1-0: Called Strike 1-1: Ball 2-1: Ball 3-1: Foul Ball, location: 2F 3-2: Base on Balls
|
Batting: RHB Elijah Campbell
|
0-0: Ball 1-0: Ball 2-0: Called Strike 2-1: Called Strike 2-2: Ball 3-2: Base on Balls Kevin Norton to third Josh Kalman to second
|
Batting: RHB Will Leslie
|
0-0: Fly out, F9 (Flyball, 9S, EV 86.3 MPH)
|
Top of the 1st over - 1 run, 1 hit, 0 errors, 3 left on base; Chicago 1 - St. Louis 0 |
BOTTOM OF THE 1ST |
St. Louis Cardinals batting - Pitching for Chicago Cubs : RHP Nate Jackson
|
Pitching: RHP Nate Jackson
|
|
Batting: RHB Tenshou Takita
|
0-0: Ball 1-0: Foul Ball, location: 2F 1-1: Ball 2-1: Foul Ball, location: 2F 2-2: Strikes out looking
|
Batting: LHB Zack Berney
|
0-0: Foul Ball, location: 2F 0-1: Ball 1-1: SINGLE (Groundball, 56S, EV 68.1 MPH) (infield hit)
|
Batting: LHB Tommy Luce
|
0-0: Ball Pickoff Throw to First - Error! E1 Zack Berney to second 1-0: Ball 2-0: Called Strike 2-1: Called Strike 2-2: Strikes out swinging
|
Batting: LHB John Blair
|
0-0: Ball 1-0: DOUBLE (Groundball, 3L, EV 101.3 MPH) Zack Berney scores
|
Batting: RHB Pavpv Ivanushkin
|
0-0: Called Strike 0-1: Ball 1-1: Swinging Strike 1-2: Strikes out swinging
|
Bottom of the 1st over - 1 run, 2 hits, 1 error, 1 left on base; Chicago 1 - St. Louis 1 |
TOP OF THE 2ND |
Chicago Cubs batting - Pitching for St. Louis Cardinals : LHP Nick Martin
|
Batting: RHB Steve Bui
|
0-0: Ball 1-0: Swinging Strike 1-1: Foul Ball, location: 2F 1-2: SINGLE (Line Drive, 9S, EV 92.5 MPH)
|
Batting: RHB Andy Wasierski
|
0-0: Ball 1-0: Ball 2-0: Foul Ball, location: 2F 2-1: Ball 3-1: Swinging Strike 3-2: SINGLE (Groundball, 6D, EV 101.9 MPH) Steve Bui to second
|
Batting: RHB Yasuhide Kasahara
|
0-0: SINGLE (Line Drive, 9LS, EV 100.0 MPH) Steve Bui to third Andy Wasierski to second
|
Batting: LHB Kevin Norton
|
0-0: Ball 1-0: Ball 2-0: Ball Wild Pitch! Steve Bui scores Andy Wasierski to third Yasuhide Kasahara to second 3-0: Base on Balls
|
Batting: RHB Efrain Vargas
|
0-0: Ball 1-0: Ball 2-0: Foul Ball, location: 2F 2-1: Ball 3-1: Called Strike 3-2: SINGLE (Line Drive, 7S, EV 105.0 MPH) Andy Wasierski scores Yasuhide Kasahara to third Kevin Norton to second Runner from 3rd tries for Home, SAFE, throw by LF to home
|
Batting: SHB Terry Tuckfard
|
0-0: Called Strike 0-1: Foul Ball, location: 2F 0-2: Foul Ball, location: 2F 0-2: Grounds into double play, 5-4-3 (Groundball, 56, EV 85.0 MPH) Kevin Norton to third
|
Batting: RHB Josh Kalman
|
0-0: Ball 1-0: Ball 2-0: Foul Ball, location: 2F 2-1: SINGLE (Groundball, 4MS, EV 68.8 MPH) (infield hit) Kevin Norton scores
|
Pitching: RHP Doug Nickey
|
|
Batting: RHB Elijah Campbell
|
0-0: Ball 1-0: SINGLE (Line Drive, 9LS, EV 109.4 MPH) Josh Kalman to second Runner from 2nd tries for 3rd, SAFE, throw by RF made to third
|
Batting: RHB Will Leslie
|
0-0: Ball 1-0: Swinging Strike 1-1: Swinging Strike 1-2: Ball 2-2: Strikes out swinging
|
Top of the 2nd over - 4 runs, 6 hits, 0 errors, 2 left on base; Chicago 5 - St. Louis 1 |
BOTTOM OF THE 2ND |
St. Louis Cardinals batting - Pitching for Chicago Cubs : RHP Nate Jackson
|
Batting: RHB Bobby Scholl
|
0-0: Ball 1-0: Ball 2-0: Ground out 6-3 (Groundball, 6, EV 79.4 MPH)
|
Batting: LHB Ben Rubenacker
|
0-0: Called Strike 0-1: Ball 1-1: Ground out 3-1 (Groundball, 34S, EV 89.4 MPH)
|
Batting: RHB Sergio Godinez
|
0-0: Called Strike 0-1: Called Strike 0-2: Strikes out swinging
|
Bottom of the 2nd over - 0 runs, 0 hits, 0 errors, 0 left on base; Chicago 5 - St. Louis 1 |
TOP OF THE 3RD |
Chicago Cubs batting - Pitching for St. Louis Cardinals : RHP Doug Nickey
|
Batting: RHB Steve Bui
|
0-0: Ball 1-0: Ball 2-0: Swinging Strike 2-1: Ball 3-1: Called Strike 3-2: Base on Balls
|
Batting: RHB Andy Wasierski
|
0-0: Foul Ball, location: 2F 0-1: Foul Ball, location: 2F 0-2: Ground out 6-3 (Groundball, P, EV 84.4 MPH) Steve Bui to second
|
Batting: RHB Yasuhide Kasahara
|
0-0: Called Strike 0-1: Ball 1-1: Foul Ball, location: 2F 1-2: Ball 2-2: Strikes out swinging
|
Batting: LHB Kevin Norton
|
0-0: Ball 1-0: Called Strike 1-1: Ball 2-1: Fly out, F9 (Flyball, 89D, EV 90.0 MPH)
|
Top of the 3rd over - 0 runs, 0 hits, 0 errors, 1 left on base; Chicago 5 - St. Louis 1 |
BOTTOM OF THE 3RD |
St. Louis Cardinals batting - Pitching for Chicago Cubs : RHP Nate Jackson
|
Batting: RHB Dustin Clark
|
0-0: Fly out, F4 (Flyball, 4MD, EV 84.4 MPH)
|
Batting: RHB Tenshou Takita
|
0-0: Foul Ball, location: 2F 0-1: Ball 1-1: Swinging Strike 1-2: Ball 2-2: Ball 3-2: Foul Ball, location: 2F 3-2: Base on Balls
|
Batting: LHB Zack Berney
|
0-0: Foul Ball, location: 2F 0-1: Ball 1-1: Grounds into double play, 6-4-3 (Groundball, 6, EV 108.1 MPH)
|
Bottom of the 3rd over - 0 runs, 0 hits, 0 errors, 0 left on base; Chicago 5 - St. Louis 1 |
TOP OF THE 4TH |
Chicago Cubs batting - Pitching for St. Louis Cardinals : RHP Doug Nickey
|
Batting: RHB Efrain Vargas
|
0-0: Foul Ball, location: 2F 0-1: Called Strike 0-2: Ball 1-2: Foul Ball, location: 2F 1-2: Ball 2-2: Foul Ball, location: 2F 2-2: Ball 3-2: SINGLE (Groundball, 34D, EV 106.3 MPH)
|
Batting: SHB Terry Tuckfard
|
0-0: Foul Ball, location: 2F 0-1: Foul Ball, location: 2F 0-2: Ball 1-2: Strikes out swinging
|
Batting: RHB Josh Kalman
|
0-0: Ball 1-0: Ball 2-0: Foul Ball, location: 2F 2-1: Called Strike 2-2: Ball 3-2: Foul Ball, location: 2F 3-2: Foul Ball, location: 2F 3-2: SINGLE (Groundball, 6MD, EV 105.0 MPH) Efrain Vargas to second Runner from 2nd tries for 3rd, SAFE, throw by CF made to third Josh Kalman to second
|
Batting: RHB Elijah Campbell
|
0-0: Ball 1-0: Ball 2-0: Ball 3-0: Called Strike 3-1: DOUBLE (Flyball, 78XD, EV 112.5 MPH) Efrain Vargas scores Josh Kalman scores
|
Batting: RHB Will Leslie
|
0-0: SINGLE (Groundball, 56D, EV 103.8 MPH) Elijah Campbell to third Runner from 3rd tries for Home, SAFE, throw by LF to home Will Leslie to second
|
Batting: RHB Steve Bui
|
0-0: Called Strike 0-1: Swinging Strike 0-2: Strikes out swinging
|
Batting: RHB Andy Wasierski
|
0-0: Ball 1-0: Called Strike 1-1: Foul Ball, location: 2F 1-2: Foul Ball, location: 2F 1-2: Ball 2-2: Ground out 5-3 (Groundball, 5, EV 109.4 MPH)
|
Top of the 4th over - 3 runs, 4 hits, 0 errors, 1 left on base; Chicago 8 - St. Louis 1 |
BOTTOM OF THE 4TH |
St. Louis Cardinals batting - Pitching for Chicago Cubs : RHP Nate Jackson
|
Batting: LHB Tommy Luce
|
0-0: Ball 1-0: Foul Ball, location: 2F 1-1: Ball 2-1: DOUBLE (Line Drive, 78M, EV 111.3 MPH)
|
Batting: LHB John Blair
|
0-0: Ball 1-0: Called Strike 1-1: Called Strike 1-2: Foul Ball, location: 2F 1-2: Ball 2-2: Strikes out swinging
|
Batting: RHB Pavpv Ivanushkin
|
0-0: Ball 1-0: Called Strike 1-1: Swinging Strike 1-2: Foul Ball, location: 2F 1-2: Ground out 4-3 (Groundball, 4, EV 98.8 MPH) Tommy Luce to third
|
Batting: RHB Bobby Scholl
|
0-0: Ball 1-0: Ball 2-0: Foul Ball, location: 2F 2-1: 2-RUN HOME RUN (Flyball, 9D, EV 93.1 MPH), Distance : 359 ft
|
Batting: LHB Ben Rubenacker
|
0-0: Ball 1-0: Called Strike 1-1: Foul Ball, location: 2F 1-2: Ball 2-2: Ball 3-2: Ground out 5-3 (Groundball, 56S, EV 88.1 MPH)
|
Bottom of the 4th over - 2 runs, 2 hits, 0 errors, 0 left on base; Chicago 8 - St. Louis 3 |
TOP OF THE 5TH |
Chicago Cubs batting - Pitching for St. Louis Cardinals : RHP Doug Nickey
|
Pitching: RHP Andy Montelongo
|
|
Batting: RHB Yasuhide Kasahara
|
0-0: Called Strike 0-1: Ball 1-1: Ground out 3-1 (Groundball, 13, EV 83.8 MPH)
|
Batting: LHB Kevin Norton
|
0-0: Ball 1-0: Ball 2-0: Called Strike 2-1: Ground out 5-3 (Groundball, 5, EV 80.0 MPH)
|
Batting: RHB Efrain Vargas
|
0-0: Ball 1-0: Foul Ball, location: 2F 1-1: Ball 2-1: Ball 3-1: Base on Balls
|
Batting: SHB Terry Tuckfard
|
0-0: Foul Ball, location: 2F 0-1: Ball 1-1: Swinging Strike 1-2: Foul Ball, location: 2F 1-2: Foul Ball, location: 2F 1-2: Foul Ball, location: 2F 1-2: Strikes out swinging
|
Top of the 5th over - 0 runs, 0 hits, 0 errors, 1 left on base; Chicago 8 - St. Louis 3 |
BOTTOM OF THE 5TH |
St. Louis Cardinals batting - Pitching for Chicago Cubs : RHP Nate Jackson
|
Batting: RHB Sergio Godinez
|
0-0: Swinging Strike 0-1: Ball 1-1: Ball 2-1: Ball 3-1: Called Strike 3-2: SINGLE (Line Drive, 56D, EV 102.5 MPH)
|
Batting: RHB Dustin Clark
|
0-0: Swinging Strike 0-1: Foul Ball, location: 2F 0-2: Strikes out looking
|
Batting: RHB Tenshou Takita
|
0-0: Ball 1-0: Swinging Strike 1-1: Swinging Strike 1-2: Ball 2-2: Ball 3-2: Fly out, F3 (Line Drive, 3, EV 75.6 MPH) Lined into DP, U3 (Line Drive, 3, EV 70.0 MPH)
|
Bottom of the 5th over - 0 runs, 1 hit, 0 errors, 0 left on base; Chicago 8 - St. Louis 3 |
TOP OF THE 6TH |
Chicago Cubs batting - Pitching for St. Louis Cardinals : RHP Andy Montelongo
|
Batting: RHB Josh Kalman
|
0-0: Swinging Strike 0-1: Fly out, F3 (Popup, 3SF, EV 84.4 MPH)
|
Batting: RHB Elijah Campbell
|
0-0: Ball 1-0: Foul Ball, location: 2F 1-1: Ball 2-1: SINGLE (Groundball, 4MD, EV 101.9 MPH)
|
Batting: RHB Will Leslie
|
0-0: Ball 1-0: Called Strike 1-1: Grounds into double play, 6-4-3 (Groundball, 6, EV 88.8 MPH)
|
Top of the 6th over - 0 runs, 1 hit, 0 errors, 0 left on base; Chicago 8 - St. Louis 3 |
BOTTOM OF THE 6TH |
St. Louis Cardinals batting - Pitching for Chicago Cubs : RHP Nate Jackson
|
Batting: LHB Zack Berney
|
0-0: Ground out 4-3 (Groundball, 4, EV 85.0 MPH)
|
Batting: LHB Tommy Luce
|
0-0: Ball 1-0: Foul Ball, location: 2F 1-1: Swinging Strike 1-2: Fly out, F7 (Flyball, 78M, EV 88.8 MPH)
|
Batting: LHB John Blair
|
0-0: Ball 1-0: Ball 2-0: Called Strike 2-1: Fly out, F7 (Flyball, 78M, EV 88.8 MPH)
|
Bottom of the 6th over - 0 runs, 0 hits, 0 errors, 0 left on base; Chicago 8 - St. Louis 3 |
TOP OF THE 7TH |
Chicago Cubs batting - Pitching for St. Louis Cardinals : RHP Andy Montelongo
|
Batting: RHB Steve Bui
|
0-0: Ball 1-0: Ball 2-0: Ball 3-0: Called Strike 3-1: Base on Balls
|
Pitching: LHP Michael Colin
|
|
Batting: RHB Andy Wasierski
|
0-0: Ball 1-0: Foul Ball, location: 2F 1-1: Ball 2-1: Swinging Strike 2-2: Foul Ball, location: 2F 2-2: Strikes out swinging
|
Batting: RHB Yasuhide Kasahara
|
0-0: Ball 1-0: Fly out, F8 (Flyball, 8LD, EV 85.6 MPH)
|
Batting: LHB Kevin Norton
|
0-0: Ball 1-0: Swinging Strike 1-1: Swinging Strike 1-2: Ball 2-2: Ball 3-2: Strikes out looking
|
Top of the 7th over - 0 runs, 0 hits, 0 errors, 1 left on base; Chicago 8 - St. Louis 3 |
BOTTOM OF THE 7TH |
St. Louis Cardinals batting - Pitching for Chicago Cubs : RHP Nate Jackson
|
Batting: RHB Pavpv Ivanushkin
|
0-0: Ball 1-0: Ball 2-0: Called Strike 2-1: Ball 3-1: Called Strike 3-2: Base on Balls
|
Batting: RHB Bobby Scholl
|
0-0: Ball 1-0: Ball Pavpv Ivanushkin is caught stealing 2nd base 2-4 2-0: Ground out 3-1 (Groundball, 13, EV 78.8 MPH)
|
Batting: LHB Ben Rubenacker
|
0-0: Foul Ball, location: 2F 0-1: Foul Ball, location: 2F 0-2: SINGLE (Groundball, 6S, EV 71.3 MPH) (infield hit)
|
Batting: RHB Sergio Godinez
|
0-0: Foul Ball, location: 2F 0-1: Ball 1-1: Fielders Choice at 2nd, 6-4 (Groundball, 6, EV 78.1 MPH)
|
Bottom of the 7th over - 0 runs, 1 hit, 0 errors, 1 left on base; Chicago 8 - St. Louis 3 |
TOP OF THE 8TH |
Chicago Cubs batting - Pitching for St. Louis Cardinals : LHP Michael Colin
|
Batting: RHB Efrain Vargas
|
0-0: Foul Ball, location: 2F 0-1: Foul Ball, location: 2F 0-2: Fly out, F7 (Flyball, 7S, EV 80.6 MPH)
|
Batting: SHB Terry Tuckfard
|
0-0: Called Strike 0-1: Ground out 1-3 (Groundball, 13S, EV 72.5 MPH)
|
Batting: RHB Josh Kalman
|
0-0: Ball 1-0: Ground out 6-3 (Groundball, 6, EV 81.9 MPH)
|
Top of the 8th over - 0 runs, 0 hits, 0 errors, 0 left on base; Chicago 8 - St. Louis 3 |
BOTTOM OF THE 8TH |
St. Louis Cardinals batting - Pitching for Chicago Cubs : RHP Nate Jackson
|
Pitching: RHP Chris Ray
|
|
Batting: RHB Dustin Clark
|
0-0: Fly out, F6 (Flyball, 6D, EV 85.0 MPH)
|
Batting: RHB Tenshou Takita
|
0-0: Ball 1-0: Ground out 4-3 (Groundball, 4, EV 91.3 MPH)
|
Batting: LHB Zack Berney
|
0-0: Called Strike 0-1: Foul Ball, location: 2F 0-2: Ground out 4-3 (Groundball, 4, EV 81.3 MPH)
|
Bottom of the 8th over - 0 runs, 0 hits, 0 errors, 0 left on base; Chicago 8 - St. Louis 3 |
TOP OF THE 9TH |
Chicago Cubs batting - Pitching for St. Louis Cardinals : LHP Michael Colin
|
Batting: RHB Elijah Campbell
|
0-0: SINGLE (Line Drive, 3L, EV 105.0 MPH)
|
Batting: RHB Will Leslie
|
0-0: Called Strike Elijah Campbell is caught stealing 2nd base 2-4 0-1: Ball 1-1: Foul Ball, location: 2F 1-2: Foul Ball, location: 2F 1-2: Foul Ball, location: 2F 1-2: Foul Ball, location: 2F 1-2: Ground out 6-3 (Groundball, 6, EV 91.3 MPH)
|
Batting: RHB Steve Bui
|
0-0: Fly out, F2 (Popup, 23F, EV 80.0 MPH)
|
Top of the 9th over - 0 runs, 1 hit, 0 errors, 0 left on base; Chicago 8 - St. Louis 3 |
BOTTOM OF THE 9TH |
St. Louis Cardinals batting - Pitching for Chicago Cubs : RHP Chris Ray
|
Batting: LHB Tommy Luce
|
0-0: SINGLE (Line Drive, 78S, EV 111.3 MPH)
|
Batting: LHB John Blair
|
0-0: Ball 1-0: Swinging Strike 1-1: Ball 2-1: Foul Ball, location: 2F 2-2: Ball 3-2: Foul Ball, location: 2F 3-2: Base on Balls Tommy Luce to second
|
Batting: RHB Pavpv Ivanushkin
|
0-0: Ball 1-0: Foul Ball, location: 2F 1-1: Ball 2-1: Swinging Strike 2-2: Strikes out swinging
|
Pinch Hitting: SHB Antoine Roux
|
0-0: 3-RUN HOME RUN (Flyball, 89XD, EV 105.0 MPH), Distance : 406 ft
|
Pitching: LHP George Poirier
|
|
Pinch Hitting: RHB Cole Bittner
|
0-0: Fly out, F2 (Popup, 5SF, EV 76.9 MPH)
|
Batting: RHB Sergio Godinez
|
0-0: Ball 1-0: Ball 2-0: Swinging Strike 2-1: Ball 3-1: Called Strike 3-2: Foul Ball, location: 2F 3-2: Foul Ball, location: 2F 3-2: Foul Ball, location: 2F 3-2: Strikes out swinging
|
Bottom of the 9th over - 3 runs, 2 hits, 0 errors, 0 left on base; Chicago 8 - St. Louis 6 |
|